 Dungeon Crawl Stone Soup version 0.24-a0-235-g3f03afcf10 (webtiles) character file.

Game seed: 8859391482125787925

58 MrRokkomies the Ducker (level 3, -6/16 HPs)
             Began as a Spriggan Air Elementalist on Apr 6, 2019.
             Killed by divine providence
             ... invoked by an orc priest
              (15 damage)
             ... on level 2 of the Dungeon.
             The game lasted 00:04:52 (1530 turns).

MrRokkomies the Ducker (Spriggan Air Elementalist)  Turns: 1530, Time: 00:04:52

Health: -6/16      AC:  2    Str:  4    XL:     3   Next: 75%
Magic:  4/7        EV: 19    Int: 17    God:
Gold:   69         SH:  0    Dex: 18    Spells: 3/7 levels left

rFire    . . .     SeeInvis +   f - +3 mace (protect)
rCold    . . .     Gourm    .   (shield restricted)
rNeg     . . .     Faith    .   a - +0 robe
rPois    +         Spirit   .   (helmet restricted)
rElec    .         Reflect  .   (no cloak)
rCorr    .         Harm     .   (gloves unavailable)
MR       .....                  (boots unavailable)
Stlth    +++.......             (no amulet)
HPRegen  0.05/turn              (no ring)
MPRegen  0.10/turn              (no ring)

@: very quick
A: very small, unfitting armour, thin skeletal structure 1, see invisible,
herbivore, speed 3, low mp 1, poison resistance, slow metabolism 2
a: no special abilities


You were on level 2 of the Dungeon.
You were not hungry.

You visited 1 branch of the dungeon, and saw 2 of its levels.

You collected 69 gold pieces.

Inventory:

Hand Weapons
 b - a +2 dagger of speed
 f - a +3 mace of protection (weapon)
Armour
 a - a +0 robe (worn)
Scrolls
 d - a scroll of remove curse
 i - 2 scrolls of enchant weapon
Potions
 g - a potion of berserk rage
 l - a potion of heal wounds
 m - a potion of magic {unknown}
 n - a potion of might {unknown}
 o - a potion of flight {unknown}
Comestibles
 c - 3 rations


   Skills:
 + Level 3.7 Dodging
 - Level 3.0 Stealth
 - Level 2.6 Spellcasting
 * Level 1.7 Conjurations
 * Level 3.4 Air Magic


You had 3 spell levels left.
You knew the following spells:

 Your Spells              Type           Power        Failure   Level  Hunger
a - Shock                 Conj/Air       ##..         6%          1    #......
b - Static Discharge      Conj/Air       ##......     19%         3    ###....

Your spell library contained the following spells:

 Spells                   Type           Power        Failure   Level  Hunger
 Swiftness                Chrm/Air       #.......     14%         2    ##.....
 Airstrike                Air            ##........   41%         4    #####..
 Lightning Bolt           Conj/Air       ##........   86%         5    ######.


Dungeon Overview and Level Annotations

Branches:
Dungeon (2/15)

Altars:


Innate Abilities, Weirdness & Mutations

You are very small and have problems with some larger weapons.
You are too small for most types of armour.
You have supernaturally acute eyesight. (SInv)
You are a herbivore.
You cover ground extremely quickly.
You need to consume almost no food.
You have a somewhat thin skeletal structure. (Dex +2, Stealth)
Your magical capacity is low. (-10% MP)
Your system is resistant to poisons. (rPois)


Message History

Things that are here:
4 stones; a kobold corpse 3 orcs, an orc priest and an orc wizard come into view.
The orc wizard is wielding a +2 vampiric dagger.
The orc shouts!
The orc priest shouts!
The orc wizard shouts!
The orc shouts!
The orc wizard mumbles some strange words.
The orc wizard blinks!
The orc completely misses you.
Found 14 gold pieces.
Casting: Shock (safe; 6% risk of failure)
Confirm with . or Enter, or press ? or * to list all spells.
The orc is struck by an arc of lightning.
You kill the orc!
The orc is struck by an arc of lightning.
The orc is heavily wounded.
The lightning grounds out.
The orc wizard hits you with a +2 vampiric dagger.
The orc priest invokes the aid of Beogh against you.
Beogh smites you!
Ouch! That really hurt!
You die...

. #.. ###### ....
#....########.....
#..(.##....o.....$
#....##...@)o.....
#....##77.7oo..##+
#....#77..7^...#
#....77P..77ยง$..#
#######
##..7PP...7 ###.#
#.....# #.777....7
# #......
#.7P7.7PP7 .#
#.....# #.77...PP7
.# #.....#
#.7..P.777 .>#
#.....#


You could see an orc priest, an orc wizard and 2 orcs.

Vanquished Creatures
  2 adders (D:2)
  3 worms
  A dart slug (D:1)
  A leopard gecko (D:1)
  An orc (D:2)
  3 giant cockroaches (D:2)
  5 goblins
  2 hobgoblins (D:1)
  2 jackals (D:2)
  3 frilled lizards
  2 kobolds
  A rat (D:1)
26 creatures vanquished.

Notes
Turn   | Place    | Note
-------+----------+-------------------------------------------
     0 | D:1      | MrRokkomies the Spriggan Air Elementalist began the quest
                  | for the Orb.
     0 | D:1      | Reached XP level 1. HP: 9/9 MP: 5/5
   426 | D:1      | Reached skill level 1 in Conjurations
   538 | D:1      | Reached XP level 2. HP: 13/13 MP: 6/6
  1016 | D:1      | Gained mutation: Your system is resistant to poisons.
                  | (rPois) [potion of mutation]
  1016 | D:1      | Gained mutation: Your magical capacity is low. (-10% MP)
                  | [potion of mutation]
  1016 | D:1      | Gained mutation: You have a somewhat thin skeletal
                  | structure. (Dex +2, Stealth) [potion of mutation]
  1132 | D:2      | Reached XP level 3. HP: 14/16 MP: 7/7
  1442 | D:2      | Learned a level 3 spell: Static Discharge
  1530 | D:2      | Killed from afar by an orc priest

Levels and vault maps discovered:
D:1:      evilmike_arrival_run_for_it, layout_basic
D:2:      layout_basic, old_standard_altar, serial_forest,
          infiniplex_forest_end_double, infiniplex_forest_clump_C,
          infiniplex_forest_clump_large, infiniplex_forest_lined_room_2,
          infiniplex_forest_end_3, infiniplex_forest_clump_tiny,
          infiniplex_forest_clump_small, minivault_11, minmay_pentomino_s2

Skill      XL: |  1  2 |
---------------+-------+-----
Conjurations   | 1 |  1.7
Air Magic      | 3 |  3.4
Dodging        | |  3.7
Stealth        | |  3.0
Spellcasting   | |  2.6

Action                   || total
-------------------------++-------
Melee: Mace              ||    64
       Unarmed           ||     2
 Cast: Shock             ||    24
       Static Discharge  ||     1
  Use: Scroll            ||     8
       Potion            ||     1
 Stab: Sleeping          ||     4
Armor: Robe              ||    12
Dodge: Dodged            ||    83

Table legend:
 A = Non-vault XP
 B = Vault XP
 C = Vault XP percentage of total XP
 D = Non-vault monster count
 E = Vault monster count
 F = Vault count percentage of total count
                 A         B        C        D         E       F
            +---------+---------+-------+---------+---------+-------
      Total |      74 |       9 |  10.8 |      23 |       3 |  11.5
            +---------+---------+-------+---------+---------+-------
        D:1 |      20 |       5 |  20.0 |      10 |       1 |   9.1
        D:2 |      54 |       4 |   6.9 |      13 |       2 |  13.3
            +---------+---------+-------+---------+---------+-------
